 Dungeon Sprint DCSS version 0.30-a0-1163-gf69bf04e7a (webtiles) character file.

Game seed: 14619981472853343346

170259 sircluck the Axe Maniac (level 16, -9/183 HPs)
             Began as a Hill Orc Berserker on Apr 28, 2023.
             Was the Champion of Trog.
             Hit by a large rock thrown by a stone giant (39 damage)
             ... in the Dungeon (Sprint IX: "|||||||||||||||||||||||||||||").
             The game lasted 00:28:23 (9313 turns).

sircluck the Axe Maniac (Hill Orc Berserker)        Turns: 9313, Time: 00:28:24

Health: -9/183     AC: 38    Str: 34    XL:     16   Next: 95%
Magic:  16/16      EV: 16    Int:  7    God:    Trog [******]
Gold:   1293       SH:  0    Dex: 10    Spells: 15/15 levels left

rFire   + . .        b - +9 executioner's axe of Currency {heavy, rPois rN++ Will-}
rCold   + . .        (shield currently unavailable)
rNeg    + + .        o - +0 gold dragon scales
rPois   +            B - +0 helmet
rElec   .            p - +0 cloak {rPois}
rCorr   +            A - +0 pair of gloves
SInv    .            M - +1 pair of boots
Will    +....        (no amulet) Stlth
                     k - +2 ring of protection
HPRegen 0.50/turn    z - ring "Iduun" {Will+ rCorr Str+6}
MPRegen 0.15/turn

%: no teleportation
@: on berserk cooldown, slowed, very slow
A: no striking features
}: 3/17 runes: decaying, serpentine, gossamer
a: Renounce Religion, Berserk, Trog's Hand, Brothers in Arms


You were in the Dungeon.
You worshipped Trog.
Trog was exalted by your worship.
You visited 1 branch You collected 1928 gold pieces.
You spent 635 gold pieces at shops.

Inventory:

Hand Weapons
 b - the +9 executioner's axe of Currency (weapon) {heavy, rPois rN++ Will-}
   (You acquired it in the Dungeon)

   rPois:     It protects you from poison.
   rN:        It greatly protects you from negative energy.
   Will:      It decreases your willpower.
 r - a +4 antimagic executioner's axe
Missiles
 y - 4 poisoned darts (quivered)
Armour
 o - +0 gold dragon scales (worn)
 p - a +0 cloak of poison resistance (worn)
 q - a +0 cloak of preservation
 A - a +0 pair of gloves (worn)
 B - a +0 helmet (worn)
 L - a +1 cloak
 M - a +1 pair of boots (worn)
 N - the +5 chain mail "Hiopem" {Int+7 Dex-2 Stlth+}
   (You found it in the Dungeon)

   Int:       It affects your intelligence (+7).
   Dex:       It affects your dexterity (-2).
   Stlth:     It makes you more stealthy.
Jewellery
 a - a +6 ring of dexterity
 k - a +2 ring of protection (left hand)
 l - a ring of protection from cold
 m - a +6 ring of dexterity
 n - a ring of willpower
 z - the ring "Iduun" (right hand) {Will+ rCorr Str+6}
   (You acquired it in the Dungeon)

   [ring of willpower]

   Str:       It affects your strength (+6).
   rCorr:     It protects you from acid and corrosion.
   Will:      It increases your willpower.
 H - a ring of protection from fire
 I - a ring of fire
 J - a ring of protection from cold
 K - a +6 ring of dexterity
Wands
 j - a wand of acid (23)
 D - a wand of digging (6)
 Q - a wand of iceblast (6)
Scrolls
 h - 3 scrolls of blinking
 t - 3 scrolls of identify
 u - a scroll of fear
 v - a scroll of fog
 F - a scroll of butterflies
 G - 7 scrolls of enchant weapon
 P - 2 scrolls of enchant armour
Potions
 c - 6 potions of curing
 d - 10 potions of heal wounds
 e - 2 potions of haste
 f - 4 potions of magic
 g - 2 potions of berserk rage
 i - a potion of invisibility
 s - a potion of might
 O - 2 potions of resistance


   Skills:
 O Level 27 Fighting
 O Level 27 Axes
 + Level 4.6 Throwing
 O Level 27 Armour
 + Level 26.1 Dodging
 + Level 4.1 Stealth
 + Level 8.3 Evocations


You had 15 spell levels left.
You didn't know any spells.
Your spell library was empty.

Dungeon Overview and Level Annotations

Branches:
Dungeon (1/1)

Altars:
Cheibriados
Dithmenos
Elyvilon
Fedhas
Gozag
Hepliaklqana
Kikubaaqudgha
Makhleb
Nemelex Xobeh
Okawaru
Qazlal
Ru
Sif Muna
Trog
Uskayaw
Vehumet
Wu Jian
Xom
Yredelemnul
Zin
The Shining One
Beogh
Jiyva
Lugonu

Shops:
D (?([


Message History

The naga completely misses you. x2
Things that are here:
a +1 great mace; a +0 chain mail; a human corpse You slice the naga!!
You kill the naga!
Trog accepts your kill.
The deep elf high priest prays.
Your Dodging skill increases to level 26!
You barely miss the deep elf high priest.
You slice the deep elf high priest like a ripe choko!!!
The deep elf high priest is almost dead.
The deep elf high priest hits you with a +0 long sword!
You chop the deep elf high priest into pieces!!!
You kill the deep elf high priest!
Trog accepts your kill.
You are no longer berserk.
You are exhausted.
You feel yourself slow down.
You hit the stone giant.
The stone giant is lightly wounded.
The stone giant hits you!
You hit the stone giant but do no damage.
The stone giant is lightly wounded.
A stone giant comes into view.
The stone giant hits you but does no damage.
The stone giant hits you!!
* * * LOW HITPOINT WARNING * * *
Blink to where?
Press: ? - help, Q - select action, (/) - cycle Dir - move target
As you read the scroll of blinking, it crumbles to dust.
The stone giant throws a large rock.
The large rock hits you but does no damage.
Things that are here:
a +0 great sword; a +0 plate armour; a human skeleton The stone giant throws a large rock.
The large rock hits you!!
* * * LOW HITPOINT WARNING * * *
The stone giant throws a large rock.
The large rock completely misses you.
Items here: ))))))))))) [[[[[[[[[[[ ÷÷÷÷.
The stone giant throws a large rock.
The large rock hits you!!!
You die...

.[..[...))))))...=.....'.........
▓▓▓▓▓▓▓▓▓▓▓▓▓▓▓▓▓▓▓▓▓▓▓▓▓▓▓▓▓▓▓▓▓
.................................
▓▓▓▓▓▓▓▓▓▓▓▓▓▓▓▓▓▓▓▓▓▓▓▓▓▓▓▓▓▓▓▓▓
'.......))))))).......).....†)...
▓▓▓▓▓▓▓▓▓▓▓▓▓▓▓▓▓▓▓▓▓▓▓▓▓▓▓▓▓▓▓▓▓
......................)).........
▓▓▓▓▓▓▓▓▓▓▓▓▓▓▓▓▓▓▓▓▓▓▓▓▓▓▓▓▓▓▓▓▓
§))))....C.)...)@....))))'...)...
▓▓▓▓▓▓▓▓▓▓▓▓▓▓▓▓▓▓▓▓▓▓▓▓▓▓▓▓▓▓▓▓▓


You could see a stone giant.

Vanquished Creatures
  Boris (D)
  Xtahua (D)
  Jory (D)
  A tentacled monstrosity (D)
  A lich (D)
  A sphinx (D)
  2 fire giants (D)
  An iron dragon (D)
  5 nagarajas (D)
  Ilsuiw (D)
  A frost giant (D)
  3 emperor scorpions (D)
  Louise (D)
  3 ghost moths (D)
  2 orc warlords (D)
  Aizul (D)
  4 vault wardens (D)
  A vampire knight (D)
  An eleionoma (D)
  A stone giant (D)
  Azrael (D)
  A dire elephant (D)
  3 ettins (D)
  4 merfolk javelineers (D)
  A deep elf high priest (D)
  4 fire dragons (D)
  2 merfolk impalers (D)
  An entropy weaver (D)
  3 great orbs of eyes (D)
  Josephine (D)
  2 yaktaur captains (D)
  7 hydras (D)
  25 vault guards (D)
  3 centaur warriors (D)
  2 anacondas (D)
  3 merfolk avatars (D)
  An ogre mage (D)
  3 merfolk aquamancers (D)
  An alligator snapping turtle (D)
  4 boulder beetles (D)
  An alligator (D)
  An orc high priest (D)
  A naga warrior (D)
  A spriggan berserker (D)
  4 shock serpents (D)
  A pharaoh ant (D)
  A skeletal warrior (D)
  A swamp dragon (shapeshifter) (D)
  3 skysharks (D)
  A sea snake (D)
  6 swamp dragons (D)
  A lindwurm (D)
  A steelbarb worm (D)
  3 ironbound convokers (D)
  A wizard (D)
  6 orc knights (D)
  4 manticores (D)
  An ugly thing (D)
  2 will-o-the-wisps (D)
  A moth of wrath (D)
  A black mamba (D)
  2 guardian serpents (D)
  An elephant (D)
  A water nymph (D)
  4 naga magi (D)
  3 vault sentinels (D)
  A torpor snail (D)
  3 demonic crawlers (D)
  2 cane toads (D)
  2 komodo dragons (D)
  A merfolk (D)
  A hornet (D)
  A polar bear (D)
  2 tyrant leeches (D)
  2 tarantellas (D)
  A blink frog (D)
  2 culicivoras (D)
  A spriggan (D)
  A fire elemental (D)
  Grum (D)
  6 wraiths (D)
  2 basilisks (D)
  3 redbacks (D)
  A vampire mosquito (D)
  3 nagas (D)
  A naga (shapeshifter) (D)
  A water moccasin (D)
  5 hell hounds (D)
  2 swamp drakes (D)
  15 orc warriors (D)
  A black bear (D)
  5 wolves (D)
  An ogre (D)
  3 bullfrogs (D)
  A gnoll sergeant (D)
  A scorpion (D)
  A hound (D)
  4 orc priests (D)
  3 orc wizards (D)
  A gnoll (D)
  2 orcs (D)
  A giant cockroach (D)
  A goblin (D)
  A kobold (D)
  A bat (D)
  A rat (D)
246 creatures vanquished.

Vanquished Creatures (collateral kills)
  A lich (D)
  A fire giant (D)
  A vault warden (D)
  An emperor scorpion (D)
  A very ugly thing (D)
  A stone giant (D)
  An ironbound thunderhulk (D)
  An eleionoma (D)
  A rakshasa (D)
  An ice dragon (D)
  2 centaur warriors (D)
  A deep troll earth mage (D)
  A hell knight (D)
  A swamp dragon (D)
  A phantasmal warrior (D)
  2 orc knights (D)
  A necromancer (D)
  A wolf spider (D)
  A manticore (D)
  A water nymph (D)
  A cane toad (D)
  A tengu conjurer (D)
  A rime drake (D)
  A merfolk (D)
  A polar bear (D)
  3 orc warriors (D)
  5 orc priests (D)
  2 orc wizards (D)
  2 orcs (D)
39 creatures vanquished.

Vanquished Creatures (others)
  A wizard (D)
  A foxfire (D)
2 creatures vanquished.

Grand Total: 287 creatures vanquished

Notes
Turn   | Place    | Note
-------+----------+-------------------------------------------
     0 | D        | sircluck the Hill Orc Berserker began the quest for the
                  | Orb.
     0 | D        | Reached XP level 1. HP: 19/19 MP: 1/1
    11 | D        | Reached ** piety under Trog
    17 | D        | Reached skill level 5 in Axes
   166 | D        | Noticed a black bear
   166 | D        | Noticed an ogre
   166 | D        | Noticed a hound
   166 | D        | Noticed a scorpion
   174 | D        | Killed a scorpion
   175 | D        | Reached XP level 2. HP: 31/31 MP: 2/2
   175 | D        | Reached XP level 3. HP: 38/38 MP: 3/3
   175 | D        | Reached XP level 4. HP: 45/45 MP: 4/4
   178 | D        | Reached *** piety under Trog
   186 | D        | Killed an ogre
   187 | D        | Reached skill level 1 in Stealth
   187 | D        | Reached XP level 5. HP: 35/56 MP: 5/5
   194 | D        | Killed a black bear
   195 | D        | Reached XP level 6. HP: 20/66 MP: 6/6
   200 | D        | Found a roughly hewn altar of Beogh.
   200 | D        | Found a snail-covered altar of Cheibriados.
   200 | D        | Found a shadowy altar of Dithmenos.
   200 | D        | Found a white marble altar of Elyvilon.
   200 | D        | Found a blossoming altar of Fedhas.
   200 | D        | Found an opulent altar of Gozag.
   201 | D        | Found a hazy altar of Hepliaklqana.
   202 | D        | Found a viscous altar of Jiyva.
   203 | D        | Found an ancient bone altar of Kikubaaqudgha.
   204 | D        | Found a corrupted altar of Lugonu.
   205 | D        | Found a burning altar of Makhleb.
   206 | D        | Found a sparkling altar of Nemelex Xobeh.
   207 | D        | Found an iron altar of Okawaru.
   208 | D        | Found a stormy altar of Qazlal.
   209 | D        | Found a sacrificial altar of Ru.
   210 | D        | Found a shimmering blue altar of Sif Muna.
   211 | D        | Found a bloodstained altar of Trog.
   212 | D        | Found a hide-covered altar of Uskayaw.
   213 | D        | Found a radiant altar of Vehumet.
   214 | D        | Found an ornate altar of the Wu Jian Council.
   215 | D        | Found a shimmering altar of Xom.
   216 | D        | Found a basalt altar of Yredelemnul.
   217 | D        | Found a glowing silver altar of Zin.
   218 | D        | Found a glowing golden altar of the Shining One.
   347 | D        | Noticed an orc warrior
   347 | D        | Noticed an orc warrior
   347 | D        | Noticed a wraith
   353 | D        | Killed a wraith
   353 | D        | Reached **** piety under Trog
   354 | D        | Reached skill level 10 in Fighting
   354 | D        | Reached skill level 5 in Armour
   355 | D        | Killed an orc warrior
   356 | D        | Reached skill level 5 in Dodging
   356 | D        | Reached XP level 7. HP: 74/74 MP: 7/7
   363 | D        | Reached ***** piety under Trog
   575 | D        | Noticed a centaur warrior
   575 | D        | Noticed a manticore
   575 | D        | Noticed a centaur warrior
   575 | D        | Noticed a centaur warrior
   575 | D        | Noticed a boulder beetle
   582 | D        | Killed a centaur warrior
   583 | D        | Reached skill level 15 in Axes
   583 | D        | Reached XP level 8. HP: 47/86 MP: 8/8
   584 | D        | Killed a centaur warrior
   585 | D        | Reached XP level 9. HP: 52/94 MP: 9/9
   592 | D        | Killed a manticore
   598 | D        | Killed a boulder beetle
   602 | D        | Killed a centaur warrior
   602 | D        | Received a gift from Trog
   603 | D        | Reached skill level 15 in Fighting
   603 | D        | Reached XP level 10. HP: 12/105 MP: 10/10
   953 | D        | Got the +6 scale mail "Faric" {rElec}
   973 | D        | Noticed an elephant
   977 | D        | Noticed a skyshark
   996 | D        | Killed an elephant
  1006 | D        | Killed a skyshark
  1007 | D        | Reached skill level 10 in Armour
  1206 | D        | Noticed a lindwurm
  1206 | D        | Noticed a cane toad
  1206 | D        | Noticed a boulder beetle
  1206 | D        | Noticed a skyshark
  1209 | D        | Noticed a torpor snail
  1213 | D        | Killed a skyshark
  1228 | D        | Killed a cane toad
  1229 | D        | Reached XP level 11. HP: 67/116 MP: 3/11
  1242 | D        | Killed a lindwurm
  1259 | D        | Noticed a skyshark
  1278 | D        | Killed a boulder beetle
  1282 | D        | HP: 4/175 [skyshark (12)]
  1284 | D        | Killed a skyshark
  1615 | D        | Received a gift from Trog
  1780 | D        | Acquired the ring "Iduun" {Will+ rCorr Str+6}
  1884 | D        | Noticed Grum
  1902 | D        | Killed Grum
  1948 | D        | Reached ****** piety under Trog
  1985 | D        | Noticed an orc knight
  1992 | D        | Identified the +6 broad axe "Blob" {flame, rPois} (Trog
                  | gifted it to you in the Dungeon)
  1992 | D        | Received a gift from Trog
  1998 | D        | Killed an orc knight
  2081 | D        | Noticed an orc high priest
  2082 | D        | Received a gift from Trog
  2088 | D        | Killed an orc high priest
  2116 | D        | Received a gift from Trog
  2435 | D        | Found Ininotyq's Armour Boutique.
  2435 | D        | Noticed an orc knight
  2435 | D        | Noticed an orc knight
  2435 | D        | Noticed an orc knight
  2436 | D        | Noticed an orc knight
  2445 | D        | Killed an orc knight
  2446 | D        | Reached XP level 12. HP: 129/129 MP: 4/12
  2452 | D        | Found Deora's Weapon Shop.
  2579 | D        | Received a gift from Trog
  2720 | D        | Found Dysoggih's Magic Scroll Boutique.
  2724 | D        | Found Ciasudud's Antique Weapon Shop.
  2747 | D        | Received a gift from Trog
  3027 | D        | Bought a scroll of acquirement for 520 gold pieces
  3027 | D        | Bought a scroll of butterflies for 40 gold pieces
  3027 | D        | Bought a scroll of enchant weapon for 75 gold pieces
  3065 | D        | Noticed Josephine
  3074 | D        | Killed Josephine
  3231 | D        | Got the +5 chain mail "Hiopem" {Int+7 Dex-2 Stlth+}
  3292 | D        | Noticed a centaur warrior
  3292 | D        | Noticed a boulder beetle
  3292 | D        | Noticed an ogre mage
  3292 | D        | Noticed a centaur warrior
  3297 | D        | Killed a centaur warrior
  3297 | D        | Received a gift from Trog
  3299 | D        | Killed an ogre mage
  3300 | D        | Noticed a lich
  3305 | D        | Killed a boulder beetle
  3306 | D        | Reached skill level 10 in Dodging
  3311 | D        | Killed a centaur warrior
  3322 | D        | Killed a lich
  3329 | D        | Received a gift from Trog
  3334 | D        | Noticed a shock serpent
  3337 | D        | a shock serpent changed into a swamp dragon
  3339 | D        | Noticed a fire dragon
  3341 | D        | Noticed an ettin
  3345 | D        | Reached skill level 27 in Axes
  3345 | D        | Reached XP level 13. HP: 91/145 MP: 4/13
  3619 | D        | Killed a fire dragon
  3624 | D        | Killed an ettin
  3930 | D        | Noticed a fire dragon
  3940 | D        | Killed a fire dragon
  3972 | D        | Received a gift from Trog
  4070 | D        | Noticed an ettin
  4110 | D        | Killed an ettin
  4111 | D        | Reached skill level 15 in Armour
  4276 | D        | Noticed Aizul
  4295 | D        | Killed Aizul
  4599 | D        | Noticed an eleionoma
  4609 | D        | Killed an eleionoma
  4613 | D        | Noticed an eleionoma
  5064 | D        | Killed an eleionoma
  5064 | D        | Received a gift from Trog
  5548 | D        | HP: 3/154 [drowned by a water nymph (10)]
  5605 | D        | Received a gift from Trog
  5884 | D        | Received a gift from Trog
  5902 | D        | Noticed a merfolk javelineer
  5920 | D        | Killed a merfolk javelineer
  6036 | D        | Reached XP level 14. HP: 166/166 MP: 4/14
  6041 | D        | Received a gift from Trog
  6403 | D        | Reached skill level 27 in Fighting
  6593 | D        | Noticed Azrael
  6595 | D        | Received a gift from Trog
  6608 | D        | Killed Azrael
  6765 | D        | Noticed a purple very ugly thing
  6765 | D        | Noticed a fire giant
  6765 | D        | Noticed a lich
  6768 | D        | Killed a lich
  6768 | D        | Received a gift from Trog
  6773 | D        | Killed a fire giant
  6776 | D        | Noticed a stone giant
  6776 | D        | Killed a purple very ugly thing
  6784 | D        | Noticed a fire giant
  6785 | D        | Killed a stone giant
  6785 | D        | Received a gift from Trog
  6797 | D        | Killed a fire giant
  6797 | D        | Noticed an iron dragon
  6894 | D        | Noticed a stone giant
  6900 | D        | Killed an iron dragon
  6904 | D        | Killed a stone giant
  6908 | D        | Noticed a fire giant
  6911 | D        | Received a gift from Trog
  6915 | D        | Noticed a vampire knight
  6924 | D        | Killed a fire giant
  6929 | D        | Killed a vampire knight
  7120 | D        | Acquired the +9 executioner's axe of Currency {heavy, rPois
                  | rN++ Will-}
  7140 | D        | Noticed an ironbound thunderhulk
  7140 | D        | Noticed a vault warden
  7145 | D        | Killed an ironbound thunderhulk
  7145 | D        | Received a gift from Trog
  7146 | D        | Killed a vault warden
  7149 | D        | Noticed a dire elephant
  7150 | D        | Noticed a vault warden
  7160 | D        | Paralysed by a great orb of eyes for 2 turns
  7164 | D        | Noticed a vault warden
  7175 | D        | Killed a dire elephant
  7175 | D        | Received a gift from Trog
  7178 | D        | Killed a vault warden
  7179 | D        | Reached XP level 15. HP: 155/174 MP: 11/15
  7186 | D        | Received a gift from Trog
  7186 | D        | Noticed a vault warden
  7192 | D        | Killed a vault warden
  7196 | D        | Killed a vault warden
  7197 | D        | Reached skill level 1 in Evocations
  7197 | D        | Noticed a sphinx
  7208 | D        | Killed a sphinx
  7208 | D        | Received a gift from Trog
  7415 | D        | Noticed an orc warlord
  7481 | D        | Killed an orc warlord
  7488 | D        | Noticed an orc warlord
  7498 | D        | Killed an orc warlord
  7643 | D        | Noticed Xtahua
  7652 | D        | Killed Xtahua
  7669 | D        | Noticed Boris
  7677 | D        | Killed Boris
  7677 | D        | Received a gift from Trog
  7678 | D        | Reached skill level 27 in Armour
  8094 | D        | Noticed an emperor scorpion
  8094 | D        | Noticed an emperor scorpion
  8102 | D        | Reached skill level 15 in Dodging
  8102 | D        | Noticed an emperor scorpion
  8106 | D        | Killed an emperor scorpion
  8113 | D        | Killed a ghost moth
  8114 | D        | Received a gift from Trog
  8117 | D        | Killed an emperor scorpion
  8125 | D        | Killed a ghost moth
  8127 | D        | Killed an emperor scorpion
  8231 | D        | Noticed an emperor scorpion
  8234 | D        | Killed a ghost moth
  8239 | D        | Killed an emperor scorpion
  8239 | D        | Received a gift from Trog
  8241 | D        | Got a gossamer rune of Zot
  8282 | D        | Noticed a nagaraja
  8282 | D        | Noticed a nagaraja
  8282 | D        | Noticed a nagaraja
  8283 | D        | Noticed a nagaraja
  8286 | D        | Noticed a nagaraja
  8288 | D        | Killed a nagaraja
  8289 | D        | Killed a nagaraja
  8294 | D        | Killed a nagaraja
  8294 | D        | Identified the +2 battleaxe "Qadaggat" {flame, rPois} (Trog
                  | gifted it to you in the Dungeon)
  8294 | D        | Received a gift from Trog
  8296 | D        | Killed a nagaraja
  8298 | D        | Killed a nagaraja
  8307 | D        | Identified the +6 battleaxe of Emuteux {flame, rF- rC+
                  | Str+4 Dex+3} (Trog gifted it to you in the Dungeon)
  8307 | D        | Received a gift from Trog
  8318 | D        | Got a serpentine rune of Zot
  8482 | D        | Reached skill level 5 in Evocations
  8487 | D        | Noticed Ilsuiw
  8495 | D        | Received a gift from Trog
  8500 | D        | Killed Ilsuiw
  8501 | D        | Reached XP level 16. HP: 163/183 MP: 16/16
  8517 | D        | Received a gift from Trog
  8738 | D        | Received a gift from Trog
  8756 | D        | Received a gift from Trog
  8772 | D        | Got a decaying rune of Zot
  8791 | D        | Noticed Louise
  8798 | D        | Killed Louise
  8856 | D        | Noticed Jory
  8867 | D        | Killed Jory
  8867 | D        | Received a gift from Trog
  8868 | D        | Reached skill level 1 in Throwing
  9004 | D        | Received a gift from Trog
  9029 | D        | Received a gift from Trog
  9067 | D        | Received a gift from Trog
  9266 | D        | Noticed a tentacled monstrosity
  9271 | D        | Received a gift from Trog
  9292 | D        | Killed a tentacled monstrosity
  9292 | D        | Received a gift from Trog
  9313 | D        | Hit by a large rock thrown by a stone giant

Illustrated notes

Levels and vault maps discovered:
D:        linesprint [early_d, line_temple, items_1, d_10, items_2, lair_1,
          lair_end, items_3, orc_1, orc_end, items_4, d_15, swamp_1, shoals_1,
          snake_1, spider_1, d_20, vaults_1, items_5, swamp_end, shoals_end,
          snake_end, spider_end, vaults_end, d_27, items_6, zot_1, zot_end,
          crypt_end, forest_end, elf_end, slime_end, tomb_end, abyss_end,
          pan_hell_end]

Skill      XL: |  1  2  3  4  5  6  7  8  9 10 11 12 13 14 15 16 |
---------------+-------------------------------------------------+-----
Fighting       | 6 8 9 11 13 15 16 18 21 26 27 | 27.0
Axes           | 7 9 11 12 15 16 18 21 24 27 | 27.0
Armour         | 3 4 5 6 7 8 10 12 14 17 24 27 | 27.0
Dodging        | 2 3 4 5 6 7 8 9 10 11 13 19 26 | 26.1
Stealth        | 1 2 3 4 |  4.1
Evocations     | 5 8 |  8.3
Throwing       | 4 |  4.6

Action                     |  1- 3 |  4- 6 |  7- 9 | 10-12 | 13-15 | 16-18 || total
---------------------------+-------+-------+-------+-------+-------+-------++-------
  Melee: Hand axe          |    17 |    19 |       |       |       |       ||    36
         War axe           |       |     7 |    20 |     6 |       |       ||    33
         Punch             |       |       |     1 |       |       |       ||     1
         Executioner's axe |       |       |       |   251 |   356 |   152 ||   759
  Throw: Dart              |       |       |       |       |       |     1 ||     1
 Invoke: Berserk           |     2 |     1 |     1 |     4 |     8 |     1 ||    17
         Brothers in Arms  |       |       |     1 |     6 |    10 |     1 ||    18
         Trog's Hand       |       |       |       |     1 |       |       ||     1
  Evoke: Wand              |       |       |       |       |     1 |       ||     1
    Use: Potion            |       |       |       |     6 |     1 |       ||     7
         Scroll            |       |       |       |     3 |     4 |     1 ||     8
 Armour: Animal skin       |     2 |     3 |       |       |       |       ||     5
         Scale mail        |       |     4 |     4 |    77 |       |       ||    85
         Plate armour      |       |       |    10 |     7 |       |       ||    17
         Chain mail        |       |       |       |    35 |   172 |       ||   207
         Gold dragon scale |       |       |       |       |   111 |   103 ||   214
  Dodge: Dodged            |     7 |    25 |    10 |   128 |   148 |    77 ||   395

Table legend: (Time is in decaauts)
 A = Elapsed time spent in this place.
 B = Non-inter-level travel time spent in this place.
 C = Inter-level travel time spent in this place.
 D = Time resting spent in this place.
 E = Time spent auto-exploring this place.
 F = Levels seen in this place.
 G = Mean time per level.
                   A        B        C        D        E       F      G
               +--------+--------+--------+--------+--------+-----+--------+
         Total |   9386 |   9011 |    375 |   4295 |   1742 |   1 | 9386.0 |
       Dungeon |   9386 |   9011 |    375 |   4295 |   1742 |   1 | 9386.0 |
               +--------+--------+--------+--------+--------+-----+--------+

Top non-repeatable levels by time:
       D: 9386 daAuts
